 Dungeon Crawl Stone Soup version 0.31-a0-986-g5e6e4ef867 (webtiles) character file.

Game seed: 3109313142478434388

2258 Crabhammer the Martial Artist (level 9, -9/54 (55) HPs)
             Began as an Octopode Shapeshifter on Nov 22, 2023.
             Was a Follower of Wu Jian.
             Killed from afar by a steam dragon (13 damage)
             ... with a ball of steam
             ... on level 7 of the Dungeon.
             The game lasted 00:34:13 (7368 turns).

Crabhammer the Martial Artist (OpSh)                Turns: 7368, Time: 00:34:14

HP:   -9/54 (55)    AC:  1    Str: 14    XL:     9   Next: 38%
MP:   9/9           EV: 14    Int: 12    God:    Wu Jian [*.....]
Gold: 293           SH:  0    Dex: 15    Spells: 8/8 levels left

rFire   . .          .
                       - Unarmed
rCold   . . .        (no shield)
rNeg    . . .        (helmet currently unavailable)
rPois   .            (no amulet)
rElec   .            i - ring of resist corrosion
rCorr   +            (no ring)
SInv    .            (no ring)
Will    .....        (no ring)
Stlth   ++           (no ring)
HPRegen 0.29/turn    (no ring)
MPRegen 0.11/turn    (no ring)
                     (no ring)

%: no passive effects
@: beast-form, lightly drained
A: beast (slay +3), almost no armour, amphibious, 8 rings, camouflage 1,
gelatinous body 1, (nimble swimmer 1), tentacles
a: Begin Untransformation, Renounce Religion


You were on level 7 of the Dungeon.
You worshipped Wu Jian.
Wu Jian was aware of your devotion.
You were a hulking beast.
You visited 2 branches of the dungeon, and saw 9 of its levels.

You collected 293 gold pieces.

Inventory:

Missiles
 n - 3 boomerangs
 o - 12 poisoned darts
 x - 4 javelins
 y - 3 datura-tipped darts
Armour
 w - an orb of mayhem
Jewellery
 i - a ring of resist corrosion (left tentacle)
Talismans
 b - a beast talisman
 c - a flux talisman
Wands
 l - a wand of flame (24) (quivered)
Scrolls
 g - 4 scrolls of identify
 j - 2 scrolls of teleportation
 p - a scroll of vulnerability
 r - a scroll of enchant armour
 s - a scroll of poison {unknown}
 t - a scroll of noise {unknown}
 u - a scroll of immolation
 v - a scroll of revelation {unknown}
Potions
 a - 2 potions of ambrosia
 d - 2 potions of lignification
 e - 2 potions of haste
 f - a potion of resistance
 h - a potion of invisibility
 k - a potion of curing
 q - a potion of might


   Skills:
 + Level 2.7 Fighting
 + Level 4.2 Dodging
 + Level 10.5 Unarmed Combat
 + Level 0.7 Evocations
 * Level 5.5 Shapeshifting


You had 8 spell levels left.
You didn't know any spells.
Your spell library contained the following spells:

 Spells                   Type           Power      Damage    Failure   Level
 Magic Dart               Conj           0%         1d3       32%         1
 Shock                    Conj/Air       0%         1d3       32%         1
 Searing Ray              Conj           0%         2d4       45%         2
 Frozen Ramparts          Ice            0%         1d1       69%         3
 Inner Flame              Hex/Fire       0%         N/A       69%         3
 Swiftness                Air            0%         N/A       69%         3
 Airstrike                Air            0%         2d(0-16)  97%         4
 Fulminant Prism          Conj/Hex       0%         3d5       97%         4
 Petrify                  Tmut/Erth      0%         N/A       97%         4
 Metabolic Englaciation   Hex/Ice        0%         N/A       100%        5
 Yara's Violent Unravell  Hex/Tmut       0%         3d3       100%        5
 Enfeeble                 Hex            0%         N/A       100%        7


Dungeon Overview and Level Annotations

Branches:
Dungeon (8/15)             Temple (1/1) D:5
   Lair: D:8-11

Altars:
Ashenzari
Cheibriados
Dithmenos
Elyvilon
Fedhas
Gozag
Hepliaklqana
Kikubaaqudgha
Makhleb
Nemelex Xobeh
Okawaru
Ru
Trog
Wu Jian
Xom
Yredelemnul
The Shining One

Annotations:
D:6 1 runed translucent door, croobank's ghost, novice MiFi


Innate Abilities, Weirdness & Mutations

You are a hulking beast.
Your limbs bulge with bestial killing power. (Slay +3)
You cannot wear most types of armour.
You are amphibious.
You can wear up to eight rings at the same time.
Your skin changes colour to match your surroundings (Stealth+).
Your rubbery body absorbs attacks. (AC +1, EV +1)
((You are camouflaged when in or above water. (Stealth+)))
You have tentacles for arms and can constrict up to eight enemies at once.


Message History

You climb upwards.
There is a stone staircase leading down here.
A steam dragon is nearby!
You can't go down here!
The steam dragon hisses angrily.
The steam dragon breathes steam at you. The ball of steam hits you!
You are engulfed in a cloud of scalding steam.
You spin and attack the steam dragon.
You closely miss the steam dragon. The steam dragon bites you!
The steam dragon closely misses you.
You tentacle-slap the steam dragon. Your squeeze misses the steam dragon.
The steam dragon is moderately wounded.
The steam dragon bites you! The steam dragon misses you.
You bludgeon the steam dragon!
You squeeze the steam dragon, but do no damage.
The steam dragon is heavily wounded.
The steam dragon misses you. The steam dragon claws you.
* * * LOW HITPOINT WARNING * * *
You closely miss the steam dragon.
The steam dragon is heavily wounded.
The steam dragon bites you.
* * * LOW HITPOINT WARNING * * *
The steam dragon claws you but does no damage.
You closely miss the steam dragon.
The steam dragon is heavily wounded.
You tentacle-slap the steam dragon but do no damage.
The steam dragon is heavily wounded.
The steam dragon completely misses you. The steam dragon barely misses you.
You bludgeon the steam dragon!
Your tentacle-slap misses the steam dragon.
You squeeze the steam dragon, but do no damage.
The steam dragon is severely wounded.
The steam dragon bites you!
* * * LOW HITPOINT WARNING * * *
The steam dragon barely misses you.
You tentacle-slap the steam dragon.
The steam dragon is almost dead.
The steam dragon breathes steam at you. The ball of steam hits you!
You die...

.........# #.# #.#...........
.........#######.###.#...........
.........'...........'...........
#........#######.###.#..........#
##.......)....##.###.##.....[...#
.........####......).(.......)..#
.........# #..........#####'####
.(.#.##### #..........# #.....
...#.########...h......##########
...#............D.........# #
...############...##.##...# #
.........# ###..#.##...# #
##.#####.# ##.#.##...# #
#.#####.# #....#...### #
#.....#.# ###......'.#####
#.....#.# ###....#.#....
##.....#.###### ##.....#.###


You could see a steam dragon (catching breath).

Vanquished Creatures
  2 water moccasins (D:7)
  An ice beast (D:5)
  An ogre (D:5)
  A centaur (D:7)
  3 phantoms
  A bullfrog (D:7)
  3 scorpions (D:4)
  6 wights (D:7)
  4 hounds
  2 orc priests
  4 jellies
  2 sleepcaps
  2 gnoll boudas
  5 orc wizards
  5 iguanas
  14 gnolls
  3 adders
  A shadow imp (D:7)
  2 white imps
  6 ufetubi
  2 worms
  A dart slug (D:1)
  14 orcs
  3 bats
  10 endoplasms
  5 giant cockroaches
  6 goblins
  12 hobgoblins
  4 jackals (D:2)
  7 quokkas
  11 ball pythons
  10 frilled lizards
  19 kobolds
  11 rats
183 creatures vanquished.

Vanquished Creatures (others)
  An orc (D:7)
1 creature vanquished.

Grand Total: 184 creatures vanquished

Notes
Turn   | Place    | Note
-------+----------+-------------------------------------------
     0 | D:1      | Crabhammer the Octopode Shapeshifter began the quest for
                  | the Orb.
     0 | D:1      | Reached XP level 1. HP: 13/13 MP: 1/1
    89 | D:1      | Reached XP level 2. HP: 7/18 MP: 2/2
   312 | D:1      | Reached skill level 4 in Unarmed Combat
   405 | D:1      | Reached XP level 3. HP: 20/23 MP: 3/3
  1266 | D:2      | Reached XP level 4. HP: 28/28 MP: 4/4
  1568 | D:3      | Reached skill level 5 in Unarmed Combat
  1728 | D:3      | Found a faded altar of an unknown god.
  2342 | D:3      | Found a burning altar of Makhleb.
  2342 | D:3      | Found a hazy altar of Hepliaklqana.
  2342 | D:3      | Found a basalt altar of Yredelemnul.
  2342 | D:3      | Found a white marble altar of Elyvilon.
  2342 | D:3      | Found a sparkling altar of Nemelex Xobeh.
  2342 | D:3      | Found a sacrificial altar of Ru.
  2353 | D:3      | Reached XP level 5. HP: 32/33 MP: 5/5
  2478 | D:4      | Reached skill level 6 in Unarmed Combat
  2498 | D:4      | Reached XP level 6. HP: 16/38 MP: 6/6
  2811 | D:4      | Reached skill level 7 in Unarmed Combat
  3090 | D:4      | Reached XP level 7. HP: 31/43 MP: 7/7
  3586 | D:5      | Entered Level 5 of the Dungeon
  3776 | D:5      | Reached skill level 8 in Unarmed Combat
  3989 | D:5      | Found a sacrificial altar of Ru.
  4039 | D:5      | Reached XP level 8. HP: 32/48 MP: 8/8
  4166 | D:5      | Found a white marble altar of Elyvilon.
  4237 | D:5      | Found a staircase to the Ecumenical Temple.
  4250 | Temple   | Entered the Ecumenical Temple
  4277 | Temple   | Became a worshipper of the Wu Jian Council
  4509 | D:5      | Reached skill level 9 in Unarmed Combat
  5384 | D:6      | Found a runed translucent door.
  5384 | D:6      | Noticed croobank's ghost (novice MiFi)
  5385 | D:6      | Noticed a troll
  5464 | D:6      | Found an iron altar of Okawaru.
  6098 | D:7      | Reached skill level 5 in Shapeshifting
  6098 | D:7      | Reached XP level 9. HP: 55/55 MP: 9/9
  6155 | D:7      | Reached skill level 10 in Unarmed Combat
  6679 | D:7      | Reached * piety under Wu Jian
  6901 | D:7      | HP: 3/79 [wight/+2 scimitar (5)]
  7161 | D:8      | Identified the "Empoxzeg"
  7368 | D:7      | Killed from afar by a steam dragon

Illustrated notes

Levels and vault maps discovered:
D:1:      dpeg_arrival_water_temple_mockup, layout_loops_ring,
          minmay_misc_feat_enclosed, minmay_lizard_pond
D:2:      layout_loops_cross, st_stairs_2, chequers_serial_rivers_micro_c
D:3:      cheibrodos_fertilizer, layout_basic,
          shapermc_ecumenical_altar_mp_highgroup,
          nicolae_concentric_dashed_squares_wild
D:4:      layout_basic, st_stairs_6
D:5:      layout_gridville, nicolae_ru_awakened_eye,
          mainiacjoe_overflow_alcove_4, minmay_temple_entry_stoned_glass,
          minmay_misc_feat_iff, dk_noncrumbling_2
D:6:      layout_basic, nicolae_overflow_crystal_walls,
          ebering_ghost_inner_flame
D:7:      layout_basic
D:8:      layout_rooms
Temple:   dpeg_chambers_temple

Skill      XL: |  1  2  3  4  5  6  7  8  9 |
---------------+----------------------------+-----
Unarmed Combat | 4 5 6 7 8 9 10 | 10.5
Shapeshifting  | 4 5 |  5.5
Dodging        | 3 4 |  4.2
Fighting       | 2 |  2.7
Evocations     | |  0.7

Action                     |  1- 3 |  4- 6 |  7- 9 || total
---------------------------+-------+-------+-------++-------
  Melee: Unarmed           |    16 |   107 |   183 ||   306
         Constrict         |    16 |    24 |    47 ||    87
         Tentacles         |    11 |    23 |    46 ||    80
         Short sword       |    74 |    22 |       ||    96
         Punch             |     3 |     7 |    14 ||    24
Ability: Lunge             |       |       |    25 ||    25
         Whirlwind         |       |       |     1 ||     1
  Evoke: Wand              |       |       |     4 ||     4
    Use: Potion            |     1 |     1 |     1 ||     3
         Scroll            |       |     7 |     4 ||    11
   Stab: Sleeping          |     9 |     9 |     7 ||    25
         Distracted        |       |       |     1 ||     1
 Armour: Skin              |    27 |    51 |    82 ||   160
  Dodge: Dodged            |    37 |    61 |    94 ||   192

Table legend: (Time is in decaauts)
 A = Elapsed time spent in this place.
 B = Non-inter-level travel time spent in this place.
 C = Inter-level travel time spent in this place.
 D = Time resting spent in this place.
 E = Time spent auto-exploring this place.
 F = Levels seen in this place.
 G = Mean time per level.
                   A        B        C        D        E       F      G
               +--------+--------+--------+--------+--------+-----+--------+
         Total |   7335 |   6618 |    717 |   1336 |   2892 |   9 |  815.0 |
       Dungeon |   7280 |   6615 |    665 |   1336 |   2892 |   8 |  910.0 |
        Temple |     54 |      2 |     52 |      0 |      0 |   1 |   54.0 |
               +--------+--------+--------+--------+--------+-----+--------+

Top non-repeatable levels by time:
     D:4: 1229 daAuts
     D:7: 1185 daAuts
     D:5: 1181 daAuts
     D:6: 1079 daAuts
     D:3: 1003 daAuts
     D:1: 835 daAuts
     D:2: 726 daAuts
  Temple: 54 daAuts
     D:8: 38 daAuts
